 Dungeon Crawl Stone Soup version 0.20.1-1-g8b1a95d (webtiles) character file.

112 Zhaine the Charmwright (level 4, -6/40 HPs)
             Began as a Deep Dwarf Skald on Dec 30, 2017.
             Mangled by an ogre
             ... wielding a +0 giant club
              (20 damage)
             ... on level 4 of the Dungeon.
             The game lasted 00:39:25 (1208 turns).

Zhaine the Charmwright (Deep Dwarf Skald)           Turns: 1208, Time: 00:39:26

Health: -6/40      AC:  4    Str: 18    XL:     4   Next: 63%
Magic:  3/6        EV: 12    Int: 13    God:
Gold:   142        SH:  0    Dex: 12    Spells: 1/7 levels left

rFire    + . .     SeeInvis .   a - +0 mace
rCold    . . .     Gourm    .   (no shield)
rNeg     . . .     Faith    .   b - +0 leather armour
rPois    .         Spirit   .   (helmet restricted)
rElec    .         Reflect  .   (no cloak)
rCorr    .         Harm     .   m - +0 pair of gloves
MR       .....                  (no boots)
Stlth    ++........             (no amulet)
Regen    0.0/turn               (no ring)
MPRegen  0.1/turn               i - ring of fire

@: infused, non-regenerating
A: damage resistance, heal wounds, horns 1, blurry vision 1, cold resistance 1,
sense surroundings 1, strong 1, no regeneration
a: Heal Wounds


You were on level 4 of the Dungeon.
You were not hungry.

You visited 1 branch of the dungeon, and saw 4 of its levels.

You collected 142 gold pieces.

Inventory:

Hand Weapons
 a - a +0 mace (weapon)
Armour
 b - a +0 leather armour (worn)
 m - a +0 pair of gloves (worn)
Jewellery
 i - a ring of fire (right hand)
Scrolls
 e - 2 scrolls of amnesia
 k - a scroll of immolation {unknown}
 l - 4 scrolls of identify
 n - 2 scrolls of enchant armour {unknown}
 o - a scroll of teleportation
Potions
 j - a potion of curing
Books
 c - a book of Battle

   Spells                             Type                      Level
   a - Infusion                       Charms                       1
   b - Shroud of Golubria             Charms/Translocation         2
   c - Song of Slaying                Charms                       2
   d - Spectral Weapon                Hexes/Charms                 3
   e - Regeneration                   Charms/Necromancy            3
Comestibles
 d - 2 bread rations
 f - 2 fruits
 g - 3 chunks of flesh
 h - 3 royal jellies


   Skills:
 * Level 2.8 Fighting
 * Level 2.6 Maces & Flails
 - Level 1.1 Armour
 + Level 2.7 Dodging
 - Level 2.0 Stealth
 + Level 2.3 Spellcasting
 + Level 2.9 Charms


You had one spell level left.
You knew the following spells:

 Your Spells              Type           Power        Failure   Level  Hunger
a - Infusion              Chrm           #...         9%          1    #......
b - Shroud of Golubria    Chrm/Tloc      #.........   24%         2    ###....
c - Spectral Weapon       Hex/Chrm       #.......     43%         3    ###....


Dungeon Overview and Level Annotations

Branches:
Dungeon (4/15)
 Temple: D:4-7

Altars:
Xom

Annotations:
D:3 Sigmund


Innate Abilities, Weirdness & Mutations

You are resistant to damage.
You can heal yourself by infusing magical energy.
You passively map a small area around you.
You do not regenerate.
You have a pair of small horns on your head.
Scrolls take you a little longer to read.
Your flesh is cold resistant. (rC+)
Your muscles are strong. (Str +2)


Message History

There is a stone staircase leading down here.
You climb downwards.
A worker ant and an ogre come into view.
The ogre shouts!
The worker ant twitches its antennae in your direction.
There is a stone staircase leading up here.
Really read with blurry vision while enemies are nearby?
Okay, then.
You sock the ogre!
The ogre is moderately wounded.
The ogre barely misses you.
Casting: Shroud of Golubria
Confirm with . or Enter, or press ? or * to list all spells.
Space distorts slightly along a thin shroud covering your body.
Casting: Shroud of Golubria
Confirm with . or Enter, or press ? or * to list all spells.
You begin infusing your attacks with magical energy.
The ogre hits you with a giant club!!
Ouch! That really hurt!
You die...

, * * #...#
##... * ,
##....###....*
#........... *
,
,...........#
* ...........#
.......a..##
...........##
* #@....# ,
##O......, *
#......
*##.... *### ,


You could see an ogre and a worker ant.

Vanquished Creatures
  Natasha (D:3)
  2 adders (D:2)
  An ooze (D:1)
  A dart slug (D:2)
  A leopard gecko (D:1)
  3 giant cockroaches
  6 goblins
  7 hobgoblins
  8 jackals
  A ball python (D:2)
  10 bats
  5 frilled lizards
  5 kobolds
  11 rats
62 creatures vanquished.

Notes
Turn   | Place    | Note
-------+----------+-------------------------------------------
     0 | D:1      | Zhaine the Deep Dwarf Skald began the quest for the Orb.
     0 | D:1      | Reached XP level 1. HP: 19/19 MP: 3/3
   142 | D:1      | Reached XP level 2. HP: 12/26 MP: 1/4
   243 | D:1      | Learned a level 2 spell: Shroud of Golubria
   302 | D:1      | Reached skill level 1 in Stealth
   366 | D:1      | Gained mutation: You have a pair of small horns on your head. [potion of mutation]
   366 | D:1      | Gained mutation: Scrolls take you a little longer to read. [potion of mutation]
   366 | D:1      | Gained mutation: Your muscles are strong. (Str +2) [potion of mutation]
   366 | D:1      | Gained mutation: Your flesh is cold resistant. (rC+) [potion of mutation]
   450 | D:1      | Reached XP level 3. HP: 12/32 MP: 2/5
   753 | D:2      | Found a shimmering altar of Xom.
   808 | D:2      | Reached XP level 4. HP: 33/40 MP: 3/6
  1060 | D:3      | Noticed Natasha
  1073 | D:3      | Killed Natasha
  1082 | D:3      | Learned a level 3 spell: Spectral Weapon
  1187 | D:3      | Noticed Sigmund
  1204 | D:4      | Noticed an ogre
  1208 | D:4      | Mangled by an ogre

Skill      XL: |  1  2  3  4 |
---------------+-------------+-----
Fighting       | 2 |  2.8
Stealth        | 1 2 |  2.0
Spellcasting   | 2 |  2.3
Maces & Flails | |  2.6
Armour         | |  1.1
Dodging        | |  2.7
Charms         | |  2.9

Action                   |  1- 3 |  4- 6 || total
-------------------------+-------+-------++-------
Melee: Mace              |   157 |    47 ||   204
       Headbutt          |    12 |    11 ||    23
 Cast: Infusion          |     6 |     2 ||     8
       Shroud of Golubri |    16 |     4 ||    20
 Abil: Heal Wounds       |     1 |       ||     1
  Use: Scroll            |     5 |       ||     5
       Potion            |     2 |       ||     2
 Stab: Sleeping          |       |     1 ||     1
  Eat: Chunk             |     1 |     2 ||     3
Armor: Leather armour    |    52 |     9 ||    61
Dodge: Dodged            |   126 |    33 ||   159
